 Dungeon Crawl Stone Soup version 0.13-a0-2382-gbc6a47d (webtiles) character file.

292 JogiH the Magician (level 5, 0/44 HPs)
             Began as a Djinni Wizard on July 14, 2013.
             Was an Initiate of Sif Muna.
             Slain by a bat (1 damage)
             ... summoned by Eustachio
             ... on Level 4 of the Dungeon.
             The game lasted 00:18:04 (4399 turns).

JogiH the Magician (Djinni Wizard)                  Turns: 4399, Time: 00:18:04

HP   0/44        AC  2     Str  8      XL: 5   Next: 28%
MP   0/0         EV 12     Int 19      God: Sif Muna [......]
Gold 118         SH  0     Dex 11      Spells:  4 memorised,  8 levels left

Res.Fire  : + + +   See Invis. : .   r - +1,+0 dwarf short sword (vamp)
Res.Cold  : x . .   Warding    : .   a - +0 robe
Life Prot.: + + +   Conserve   : .   (no shield)
Res.Poison: .       Res.Corr.  : .   b - +0 wizard hat
Res.Elec. : .       Clarity    : .   (no cloak)
Sust.Abil.: . .     Spirit.Shd : .   (no gloves)
Res.Mut.  : .       Stasis     : .   (boots unavailable)
Res.Rott. : .       Flight     : .   (no amulet)
Saprovore : . . .                    (no ring)
                                     (no ring)

@: very slightly contaminated, slightly resistant to hostile enchantments,
unstealthy
A: no striking features
a: Renounce Religion


You were on level 4 of the Dungeon.
You worshipped Sif Muna.
Sif Muna was pleased with you.
You were not hungry.

You visited 1 branch of the dungeon, and saw 4 of its levels.

You collected 98 gold pieces.

Inventory:

Hand weapons
 d - a -3,-1 orcish whip
 m - a +1,+1 dwarven hand axe (quivered)
 n - a +2,+3 orcish dagger
 r - a +1,+0 dwarven vampiric short sword (weapon)
 t - a +2,+0 orcish mace of distortion
Armour
 a - a +0 robe (worn)
 b - a +0 wizard hat (worn)
 o - a +0 helmet
Scrolls
 h - 4 scrolls of identify
 j - 4 scrolls of teleportation
 p - 2 scrolls of remove curse
 u - 2 scrolls of magic mapping {unknown}
Potions
 e - a potion of resistance {unknown}
 f - a potion of speed {unknown}
 g - a potion of restore abilities {unknown}
 i - a potion of might {unknown}
 l - 2 potions of heal wounds {unknown}
 q - a potion of curing {unknown}
 s - a potion of paralysis {unknown}
Books
 c - a book of Minor Magic

   Spells                             Type                      Level
   *Magic Dart                        Conjuration                  1
   *Blink                             Translocation                2
   *Call Imp                          Summoning                    2
   Repel Missiles                     Charms/Air                   2
   Slow                               Hexes                        2
   Conjure Flame                      Conjuration/Fire             3
   Mephitic Cloud                     Conjuration/Poison/Air       3
 k - a book of Necromancy

   Spells                             Type                      Level
   Pain                               Necromancy                   1
   *Animate Skeleton                  Necromancy                   1
   Lethal Infusion                    Charms/Necromancy            2
   Vampiric Draining                  Necromancy                   3
   Regeneration                       Charms/Necromancy            3
   Animate Dead                       Necromancy                   4
   Control Undead                     Necromancy                   4


   Skills:
 - Level 1.7 Dodging
 - Level 1.5 Stealth
 + Level 5.3 Spellcasting
 * Level 2.8 Conjurations
 - Level 2.1 Summonings
 * Level 0.8 Necromancy
 * Level 1.6 Translocations


You had 8 spell levels left.
You knew the following spells:

 Your Spells              Type           Power        Failure   Level  Hunger
a - Magic Dart            Conj           ###.         4%          1    None
b - Blink                 Tloc           N/A          12%         2    None
c - Call Imp              Summ           ##........   10%         2    None
d - Animate Skeleton      Necr           N/A          10%         1    None


Dungeon Overview and Level Annotations

Branches:
Dungeon (4/27)
 Temple: D:4-7

Altars:
Cheibriados
Makhleb
Sif Muna

Annotations
D:4 Eustachio


Message History

The bat hits you but does no damage. The bat closely misses you.
The bat hits you.
* * * LOW HITPOINT WARNING * * *
The bat closely misses you.
Casting: Blink
Confirm with . or Enter, or press ? or * to list all spells.
You don't have enough magic to cast that spell.
The bat barely misses you. The bat hits you.
* * * LOW HITPOINT WARNING * * *
The bat hits you.
* * * LOW HITPOINT WARNING * * *
The bat misses you. The bat hits you.
* * * LOW HITPOINT WARNING * * *
The bat hits you.
* * * LOW HITPOINT WARNING * * *
The iron imp disappears in a puff of smoke!
The bat hits you.
You die...

#.§....5r#####.#
#
#.######.......#
# #.#
####....### #.#
#.@.r..§. #.#
##...#... #.#
##.##### #b# #.#
#b# #.# #@#
##'## #...#
##...## #.#.#
##.....## #....
#.......## # ...
#.........#
#....
+.........'
.....
#.........#
#.#.#.
#.......## . #
#.....##


You could see 2 bats.

Vanquished Creatures
  An adder (D:3)
  A giant mite (D:2)
  A white imp (D:4)
  A worm (D:2)
  An orc (D:3)
  2 ball pythons (D:1)
  7 hobgoblins
  8 kobolds
  7 bats
  A giant cockroach (D:1)
  3 giant geckos
  5 giant newts
  10 goblins
  7 rats
55 creatures vanquished.

Vanquished Creatures (collateral kills)
  Blork the orc (D:4)
  2 orc wizards (D:3)
  Terence (D:2)
  3 gnolls (D:3)
  An adder (D:3)
  A lemure (D:4)
  An inept feature mimic (D:2)
  An ooze (D:3)
  3 orcs (D:3)
  A hobgoblin (D:3)
  2 giant newts (D:3)
  A rat (D:4)
18 creatures vanquished.

Vanquished Creatures (others)
  3 crimson imps
  A gnoll (D:3)
  3 shadow imps (D:3)
  4 white imps
  An adder skeleton (D:3)
  5 orc skeletons (D:3)
  A bat skeleton (D:2)
  A giant newt skeleton (D:2)
  A goblin skeleton (D:4)
  A kobold (D:1)
  A kobold skeleton (D:3)
  A rat (D:1)
  A rat skeleton (D:2)
24 creatures vanquished.

Grand Total: 97 creatures vanquished

Notes
Turn   | Place    | Note
--------------------------------------------------------------
     0 | D:1      | JogiH, the Djinni Wizard, began the quest for the Orb.
     0 | D:1      | Reached XP level 1. HP: 14/14 MP: 0/0
   416 | D:1      | Reached skill level 4 in Spellcasting
   466 | D:1      | Reached XP level 2. EP: 15/23
  1475 | D:1      | Learned a level 2 spell: Blink
  1478 | D:1      | Learned a level 2 spell: Call Imp
  1807 | D:1      | Reached XP level 3. EP: 23/29
  2155 | D:2      | Learned a level 1 spell: Animate Skeleton
  2428 | D:2      | Found a deep blue altar of Sif Muna.
  2431 | D:2      | Became a worshipper of Sif Muna the Loreminder
  2437 | D:2      | Found a burning altar of Makhleb.
  2500 | D:2      | Found a snail-covered altar of Cheibriados.
  2823 | D:2      | Noticed Terence
  2883 | D:2      | Killed Terence
  3188 | D:3      | Reached XP level 4. EP: 26/37
  3636 | D:3      | Reached skill level 5 in Spellcasting
  3814 | D:3      | Reached XP level 5. EP: 4/44
  4326 | D:4      | Noticed Blork the orc
  4348 | D:4      | Killed Blork the orc
  4363 | D:4      | Noticed Eustachio
  4397 | D:4      | HP: 2/44 [bat[Eustachio] (1)]
  4399 | D:4      | Slain by a bat

Action                   |  1- 3 |  4- 6 || total
-------------------------+-------+-------++-------
Melee: Whip              |    20 |     3 ||    23
       Short sword       |       |     4 ||     4
 Cast: Magic Dart        |    87 |    26 ||   113
       Call Imp          |    13 |    21 ||    34
       Animate Skeleton  |     5 |     9 ||    14
       Blink             |       |     2 ||     2
  Use: Scroll            |     3 |     1 ||     4
